AoeStats
← 420fudu69

Baltic

510664142Analyzed
4v4 RM · 4h ago on Oct 2, 2026· 14m 31s· 8 players
Game mode
Random Map
Map size
Large (8 player)
Population
200
Speed
Normal
Resources
Standard
Victory
Conquest
Starting age
Dark Age
Ending age
Imperial Age
RankedLock teamsTeams togetherTeam positionsShared explorationLock speedFull tech treeHidden civsTurbo modeCheats
Victory
Defeat
🇨🇱 Portuguese · Chile
1166
+13
🇯🇴 Japanese · Jordan
1145
+14
🇺🇾 Varangians · Uruguay
1143
+14
🇯🇴 Hindustanis · Jordan
1142
+14
🇲🇽 Spanish · Mexico
1150
-15
🇨🇦 Khmer · Canada
1122
-15
🇺🇸 Persians · United States
1080
-13
🇨🇦 Wei · Canada
1064
-12
FredproQc69
0:31 Loom
thatboybevo
4:48 Loom
TERRES300
420fudu69
AbrahamXY
2:40 Loom
12:44 Feudal Age
12:45 Man-at-Arms
13:14 Arson
14:12 Fishing Lines
Wiki
10:52 Feudal Age
12:05 Man-at-Arms
Gabriel93
8:58 Loom
10:52 Feudal Age
14:43 Castle Age
12:58 Double-Bit Axe
13:29 Horse Collar
shiki232
10:49 Feudal Age
13:18 Loom
14:12 Wheelbarrow
14:56 Town Watch
Connection lost

Rejoining the realm…

Still unreachable

The connection could not be restored.

Session expired

The server has moved on; the page needs a fresh start.